 Dungeon Crawl Stone Soup version 0.31-a0-836-g3ceb0a68c4 (webtiles) character file.

Game seed: 3117212873555176212

348 lunkers the Insei (level 7, -20/78 HPs)
             Began as a Meteoran Shapeshifter on Sept 26, 2023.
             Was a Believer of Makhleb.
             Demolished by an ogre
             ... wielding a +0 giant club
              (26 damage)
             ... on level 4 of the Dungeon.
             The game lasted 00:03:07 (1274 turns).

lunkers the Insei (Meteoran Shapeshifter)           Turns: 1274, Time: 00:03:08

Health: -20/78     AC: 23    Str: 15    XL:     7   Next: 15%
Magic:  8/8        EV:  2    Int: 12    God:    Makhleb [**....]
Gold:   184        SH:  0    Dex: 16    Spells: 6/6 levels left

rFire   . .          .
                       - Unarmed
rCold   . . .        (no shield)
rNeg    . . .        h - melded +0 ring mail
rPois   +            (helmet currently unavailable)
rElec   .            (cloak currently unavailable)
rCorr   .            (gloves currently unavailable)
SInv    .            (boots currently unavailable)
Will    .....        (no amulet)
Stlth   +            (no ring)
HPRegen 0.33/turn    (no ring)
MPRegen 0.11/turn

%: no passive effects
@: tree-form, glowing
A: stationary, stasis, torment immunity, boosted hp, sense surroundings 1,
otherworldly, glowing, explore regen
a: Renounce Religion, Minor Destruction


You were on level 4 of the Dungeon.
You worshipped Makhleb.
Makhleb was pleased with you.
You were a tree.
You visited 1 branch of the dungeon, and saw 4 of its levels.

You collected 184 gold pieces.

Inventory:

Armour
 a - a +0 animal skin
 h - a +0 ring mail (melded)
Talismans
 c - a beast talisman
 d - a flux talisman
Wands
 k - a wand of polymorph (19)
Scrolls
 e - 3 scrolls of teleportation {unknown}
 f - a scroll of identify {unknown}
 g - a scroll of poison {unknown}
 j - a scroll of butterflies {unknown}
 l - a scroll of enchant weapon {unknown}
Potions
 b - a potion of lignification
 i - a potion of degeneration {unknown}


   Skills:
 - Level 1.1 Fighting
 - Level 2.1 Dodging
 * Level 7.3 Unarmed Combat
 + Level 5.5 Shapeshifting


You had 6 spell levels left.
You didn't know any spells.
Your spell library contained the following spells:

 Spells                   Type           Power      Damage    Failure   Level
 Foxfire                  Conj/Fire      0%         2x1d4     32%         1
 Plasma Beam              Fire/Air       0%         2x1d10    100%        6
 Starburst                Conj/Fire      0%         6d3       100%        6


Dungeon Overview and Level Annotations

Branches:
Dungeon (4/15) Zot: 1135   Temple (0/1) D:4

Altars:
Makhleb
Yredelemnul


Innate Abilities, Weirdness & Mutations

You are a tree.
Your roots penetrate the ground, keeping you stationary.
You cannot be teleported.
You are immune to unholy pain and torment.
Your maximum health is greatly increased.
Your equipment is partially melded.
You passively map a small area around you.
You are easily found by Zot.
You glow in the dark.
You regain HP and MP as you explore.


Message History

You punch the jelly! The acid corrodes you!
Your hands burn!
The jelly is heavily wounded.
The jelly closely misses you.
You hit the jelly but do no damage.
Your hands burn!
The jelly is heavily wounded.
The jelly closely misses you.
You hit the jelly.
Your hands burn!
The jelly is almost dead.
The jelly hits you but does no damage.
An endoplasm comes into view.
The endoplasm quivers.
You hit the jelly.
You kill the jelly!
Makhleb accepts your kill.
You feel better.
The kobold throws a stone.
The stone closely misses you.
The ogre hits you with a +0 giant club!!
Ouch! That really hurt!
* * * LOW HITPOINT WARNING * * *
You are too injured to fight recklessly!
The orc hits you with a +0 hand axe.
* * * LOW HITPOINT WARNING * * *
The kobold throws a stone.
The stone hits you.
* * * LOW HITPOINT WARNING * * *
The orc throws a boomerang.
The boomerang completely misses you.
The kobold throws a stone.
The stone misses you.
The orc throws a boomerang.
The boomerang hits you.
* * * LOW HITPOINT WARNING * * *
The orc throws a boomerang.
The boomerang completely misses you.
You are no longer corroded.
Your transformation has ended.
You turn into a tree.
Your +0 ring mail melds into your body.
Your roots penetrate the ground.
The ogre hits you with a +0 giant club!
* * * LOW HITPOINT WARNING * * *
You barely miss the ogre. The ogre hits you with a +0 giant club!
* * * LOW HITPOINT WARNING * * *
You closely miss the ogre. You pummel the ogre!!
The ogre is severely wounded.
The ogre hits you with a +0 giant club!!
You die...

#.#... ##.~~~~~~# ......
##.#######..### #.#.#.,
..............###***
......########..#####.[.#######
#.#.#...........## #.....<....
,
........######†..##*#..........
#.#.....# ##.#.#.##.....######
........####.##.##.#.#...#* *
##...#......KO♣........... , ,
#.....#...##o##.##.#.###.##*
.>....###.###.#.#.##.....#
#.$... #.# ##...### ##.## ##...
#.# ##.## .# ....# #.# *#.#
*,,* , .... , ..., ,..# * , ,
*..# #### , * >


You could see an ogre, an orc and a kobold.

Vanquished Creatures
  Sigmund (D:2)
  A scorpion (D:4)
  A jelly (D:4)
  3 adders (D:3)
  2 worms
  4 dart slugs
  6 ball pythons
  6 endoplasms
  3 giant cockroaches
  3 goblins
  5 hobgoblins
  4 jackals (D:1)
  4 quokkas
  2 bats (D:2)
  4 kobolds
  5 rats
54 creatures vanquished.

Notes
Turn   | Place    | Note
-------+----------+-------------------------------------------
     0 | D:1      | lunkers the Meteoran Shapeshifter began the quest for the
                  | Orb.
     0 | D:1      | Reached XP level 1. HP: 16/16 MP: 2/2
    66 | D:1      | Reached XP level 2. HP: 23/23 MP: 3/3
    78 | D:1      | Found a faded altar of an unknown god.
   125 | D:1      | Reached skill level 4 in Unarmed Combat
   146 | D:1      | Prayed at the altar of an unknown god.
   146 | D:1      | Became a worshipper of Makhleb the Destroyer
   146 | D:1      | Reached * piety under Makhleb
   284 | D:1      | Reached XP level 3. HP: 27/28 MP: 4/4
   749 | D:2      | Found a basalt altar of Yredelemnul.
   841 | D:2      | Noticed Sigmund
   853 | D:2      | Killed Sigmund
   854 | D:2      | Reached skill level 6 in Unarmed Combat
   854 | D:2      | Reached skill level 5 in Shapeshifting
   854 | D:2      | Reached XP level 4. HP: 18/35 MP: 5/5
   854 | D:2      | Reached XP level 5. HP: 20/40 MP: 6/6
   854 | D:2      | Reached XP level 6. HP: 24/47 MP: 7/7
   879 | D:2      | Identified the +0 robe of Hepliaklqana's Respect {rF+}
   989 | D:3      | Reached ** piety under Makhleb
  1238 | D:4      | Reached skill level 7 in Unarmed Combat
  1238 | D:4      | Reached XP level 7. HP: 50/52 MP: 8/8
  1274 | D:4      | Demolished by an ogre

Illustrated notes

Levels and vault maps discovered:
D:1:      lightli_arrival_boilingwater, layout_basic,
          shapermc_ecumenical_altar_venn
D:2:      layout_basic, basic_altar, minmay_strange_pillars, uniq_sigmund
D:3:      layout_rooms
D:4:      layout_loops_ring, makhleb_blood_cavern_becter,
          minmay_temple_entry_statues_pillars, palyth_stone_intersect,
          st_stairs_2, chequers_serial_rivers_large_b

Skill      XL: |  1  2  3  4  5  6 |
---------------+-------------------+-----
Unarmed Combat | 4 6 7 |  7.3
Shapeshifting  | 4 5 |  5.5
Fighting       | |  1.1
Dodging        | |  2.1

Action                     |  1- 3 |  4- 6 |  7- 9 || total
---------------------------+-------+-------+-------++-------
  Melee: Unarmed           |    85 |    52 |     7 ||   144
         Punch             |     2 |     2 |       ||     4
    Use: Potion            |       |       |     1 ||     1
 Armour: Animal skin       |    20 |       |       ||    20
         Ring mail         |    18 |    17 |     5 ||    40
         Skin              |       |       |     3 ||     3
  Dodge: Dodged            |    49 |    24 |     6 ||    79

Table legend: (Time is in decaauts)
 A = Elapsed time spent in this place.
 B = Non-inter-level travel time spent in this place.
 C = Inter-level travel time spent in this place.
 D = Time resting spent in this place.
 E = Time spent auto-exploring this place.
 F = Levels seen in this place.
 G = Mean time per level.
                   A        B        C        D        E       F      G
               +--------+--------+--------+--------+--------+-----+--------+
         Total |   1263 |   1258 |      5 |      0 |    848 |   4 |  315.8 |
       Dungeon |   1263 |   1258 |      5 |      0 |    848 |   4 |  315.8 |
               +--------+--------+--------+--------+--------+-----+--------+

Top non-repeatable levels by time:
     D:1: 493 daAuts
     D:2: 392 daAuts
     D:3: 316 daAuts
     D:4: 60 daAuts
